 Dungeon Crawl Stone Soup version 0.25-a0-2-g6559c6c (webtiles) character file.

Game seed: 11133779416511252184, levelgen mode: deterministic

8404 Dorkslayer the Carver (level 11, -30/72 HPs)
             Began as an Octopode Fighter on Oct 13, 2019.
             Was an Initiate of Dithmenos.
             Annihilated by a catoblepas (35 damage)
             ... on level 9 of the Dungeon on Oct 14, 2019.
             The game lasted 00:58:22 (11463 turns).

Dorkslayer the Carver (Octopode Fighter)           Turns: 11463, Time: 00:58:23

Health: -30/72     AC:  3    Str: 19    XL:     11   Next: 30%
Magic:  16/16      EV: 14    Int: 10    God:    Dithmenos [......]
Gold:   87         SH: 11    Dex: 14    Spells: 10/10 levels left

rFire    . . .     SeeInvis .   a - +3 long sword
rCold    . . .     Gourm    .   b - +1 shield
rNeg     . . .     Faith    .   (helmet restricted)
rPois    .         Spirit   .   e - amulet of the acrobat
rElec    .         Reflect  .   v - ring of resist corrosion
rCorr    +         Harm     .   (no ring)
MR       .....                  (no ring)
Stlth    ++++......             (no ring)
HPRegen  0.22/turn              (no ring)
MPRegen  0.15/turn              (no ring)
                                (no ring)
                                (no ring)

@: no status effects
A: almost no armour, stealthy swim, amphibious, 8 rings, constrict 8, yellow
scales 1, camouflage 1, agile 1, gelatinous body 1
a: Renounce Religion


You were on level 9 of the Dungeon.
You worshipped Dithmenos.
Dithmenos was noncommittal.
You were not hungry.

You visited 2 branches of the dungeon, and saw 10 of its levels.

You collected 567 gold pieces.
You spent 480 gold pieces at shops.

Inventory:

Hand Weapons
 a - a +3 long sword (weapon)
Missiles
 c - 12 boomerangs (quivered)
 p - 4 throwing nets
 q - 14 poisoned darts
Armour
 b - a +1 shield (worn)
Jewellery
 e - an amulet of the acrobat (around mantle)
 v - a ring of resist corrosion (left tentacle)
Wands
 g - a wand of digging (6)
 n - a wand of polymorph (1)
 w - a wand of enslavement (4)
Scrolls
 f - 3 scrolls of amnesia
 i - 4 scrolls of teleportation
 j - 4 scrolls of remove curse
 l - a scroll of blinking
 m - 3 scrolls of fear
 o - 2 scrolls of identify
Potions
 h - a potion of flight
 k - 3 potions of resistance
 r - a potion of cancellation
 s - a potion of brilliance
Miscellaneous
 x - a lamp of fire (inert)
Comestibles
 d - 10 rations


   Skills:
 + Level 6.3 Fighting
 + Level 9.4 Long Blades
 + Level 7.2 Throwing
 + Level 5.8 Dodging
 - Level 6.6 Stealth
 + Level 6.1 Shields
 * Level 1.4 Invocations
 * Level 7.7 Evocations


You had 10 spell levels left.
You didn't know any spells.
Your spell library was empty.

Dungeon Overview and Level Annotations

Branches:
Dungeon (9/15)             Temple (1/1) D:6
   Lair: D:8-11         Orc: D:9-12

Altars:
Ashenzari
Cheibriados
Dithmenos
Elyvilon
Fedhas
Gozag
Hepliaklqana
Kikubaaqudgha
Makhleb
Nemelex Xobeh
Okawaru
Qazlal
Ru
Sif Muna
Trog
Uskayaw
Vehumet
Wu Jian
Xom
Yredelemnul
Zin
The Shining One
Jiyva

Shops:
D:5 (   D:9 }


Innate Abilities, Weirdness & Mutations

You cannot wear most types of armour.
You are very stealthy in the water. (Stealth+)
You are amphibious.
You can wear up to eight rings at the same time.
You can use your tentacles to constrict eight enemies at once.
Your skin changes colour to match your surroundings (Stealth+).
Your rubbery body absorbs attacks. (AC +1, EV +1)
You are partially covered in yellow scales. (AC +2)
You are agile. (Dex +2)


Message History

The dream sheep closely misses your yak.
Something hits your yak. The yak gores your yak!
Your yak dies!
The catoblepas breathes a plume of calcifying dust at you.
The blast of calcifying dust hits you. The catoblepas barely misses you.
You riposte.
You hit the catoblepas. You squeeze the catoblepas.
The catoblepas is almost dead.
You hit the catoblepas.
The catoblepas is almost dead.
The catoblepas gores you!!
* * * LOW HITPOINT WARNING * * *
You hit the catoblepas but do no damage.
The catoblepas is almost dead.
The dream sheep is engulfed in calcifying dust.
The dream sheep is moving more slowly.
You block the dream sheep's attack.
You hit the catoblepas but do no damage.
The catoblepas is almost dead.
The catoblepas gores you!!
You die...

#..###...(...........
#.###..### #..#
#..............# #.#
#..# #
##..###...............
..# #..##.
.................####
#### #..##.
...)###..........#
#..... ..#.#
#..........## #.....
..#.# #...........#
#######.... ..#.#
#########...#
#.......... ..#.##
#Y@.# #.####...##
#.#..## #YY§# #.....
#.#.#.## #)### #...#.
#.<###.### ≈.≈.
######.#. ...#
##..###?.%..
.........#
#..###.#...#..%..P
#.#######.
###.#.######..P%.≈ ##
##.## #.....P≈ ## #.#
##''' #.#######.


You could see a catoblepas, a yak and a dream sheep (petrifying).

Vanquished Creatures
  Harold (D:7)
  A two-headed ogre (D:9)
  The ghost of DrEnzyme the Spear-Bearer, a novice NaWn of Cheibriados (D:9)
  Pikel (D:8)
  Psyche (D:8)
  A troll (D:9)
  2 hippogriffs
  2 wyverns (D:7)
  Grum (D:8)
  Menkaure (D:7)
  A water moccasin (D:6)
  2 ice beasts
  2 sky beasts (D:6)
  2 orc warriors (D:7)
  3 phantoms
  3 ogres
  4 wolves
  4 centaurs
  A crocodile (D:7)
  2 big kobolds (D:9)
  2 bullfrogs (D:6)
  4 gnoll sergeants (D:5)
  A wyvern skeleton (D:8)
  2 scorpions
  7 killer bees (D:7)
  3 howler monkeys
  3 crimson imps
  7 hounds
  A centaur zombie (D:8)
  A jelly (D:8)
  3 orc priests
  2 bullfrog skeletons
  2 iguanas (D:5)
  4 gnoll shamans (D:5)
  9 orc wizards
  3 worker ants
  A hound zombie (D:5)
  A hound skeleton (D:5)
  2 worker ant zombies
  11 adders
  41 gnolls
  An ooze (D:1)
  An adder zombie (D:9)
  2 adder skeletons
  A worm (D:2)
  3 dart slugs
  4 leopard geckos
  30 orcs
  7 giant cockroaches
  6 goblins
  13 hobgoblins
  10 jackals
  4 quokkas
  A ball python (D:3)
  5 bats
  6 frilled lizards
  A giant cockroach zombie (D:5)
  A jackal skeleton (D:5)
  6 kobolds
  6 rats
254 creatures vanquished.

Vanquished Creatures (others)
  A dream sheep (D:9)
  A yak (D:9)
  2 slaves (D:8)
  2 scorpions (D:8)
  A plant (D:9)
7 creatures vanquished.

Grand Total: 261 creatures vanquished

Notes
Turn   | Place    | Note
-------+----------+-------------------------------------------
     0 | D:1      | Dorkslayer the Octopode Fighter began the quest for the
                  | Orb.
     0 | D:1      | Reached XP level 1. HP: 16/16 MP: 1/1
   296 | D:1      | Reached XP level 2. HP: 21/21 MP: 2/2
   514 | D:1      | Reached XP level 3. HP: 8/26 MP: 3/3
   516 | D:1      | Gained mutation: You are agile. (Dex +2) [potion of
                  | mutation]
   516 | D:1      | Gained mutation: You are partially covered in yellow
                  | scales. (AC +2) [potion of mutation]
  1026 | D:2      | Reached skill level 1 in Stealth
  1090 | D:2      | Reached XP level 4. HP: 31/31 MP: 4/4
  1405 | D:2      | Reached skill level 3 in Long Blades
  1424 | D:2      | Reached XP level 5. HP: 31/36 MP: 5/5
  2585 | D:4      | Reached skill level 4 in Long Blades
  2585 | D:4      | Reached XP level 6. HP: 43/43 MP: 6/6
  3149 | D:5      | Entered Level 5 of the Dungeon
  3149 | D:5      | Found Plog's Weapon Boutique.
  3150 | D:5      | Noticed an ice beast
  3166 | D:5      | Killed an ice beast
  3166 | D:5      | Reached skill level 1 in Evocations
  3210 | D:5      | Reached skill level 1 in Throwing
  3457 | D:5      | Reached XP level 7. HP: 44/47 MP: 8/8
  3878 | D:5      | Reached skill level 5 in Long Blades
  3951 | D:5      | Reached XP level 8. HP: 51/54 MP: 10/10
  4064 | D:5      | Upgraded the game from 0.24-b1-1-gac51ba0 to
                  | 0.25-a0-2-g6559c6c
  4545 | D:5      | Reached skill level 6 in Long Blades
  5147 | D:5      | Reached XP level 9. HP: 59/59 MP: 12/12
  5506 | D:6      | Reached skill level 5 in Throwing
  5530 | D:6      | Reached skill level 5 in Shields
  5670 | D:6      | Reached skill level 7 in Long Blades
  5675 | D:6      | Reached skill level 5 in Evocations
  5981 | D:6      | Found a staircase to the Ecumenical Temple.
  5992 | Temple   | Entered the Ecumenical Temple
  6472 | D:6      | Found a shimmering blue altar of Sif Muna.
  6472 | D:6      | Found an iron altar of Okawaru.
  6573 | D:7      | Noticed Menkaure
  6578 | D:7      | Killed Menkaure
  6578 | D:7      | Reached skill level 5 in Fighting
  6771 | D:7      | Noticed Harold
  6782 | D:7      | Killed Harold
  6782 | D:7      | Reached skill level 5 in Dodging
  6782 | D:7      | Reached skill level 5 in Stealth
  6782 | D:7      | Reached XP level 10. HP: 39/66 MP: 14/14
  7064 | D:7      | Reached skill level 8 in Long Blades
  9117 | D:8      | Found a runed translucent gate.
  9117 | D:8      | Found a runed translucent gate.
  9134 | D:8      | Noticed Pikel
  9140 | D:8      | Killed Pikel
  9176 | D:8      | Found a runed translucent gate.
  9179 | D:8      | Noticed DrEnzyme's ghost (novice NaWn)
  9182 | D:8      | Found a viscous altar of Jiyva.
  9512 | D:8      | Noticed Grum
  9520 | D:8      | Killed Grum
  9564 | D:8      | Noticed Psyche
  9659 | D:8      | Killed Psyche
 10121 | D:9      | Reached XP level 11. HP: 72/72 MP: 16/16
 10142 | D:9      | Noticed a two-headed ogre
 10151 | D:9      | Killed a two-headed ogre
 10151 | D:9      | Reached skill level 9 in Long Blades
 10163 | D:9      | Found Ethid's Gadget Shoppe.
 10168 | D:9      | Bought a lamp of fire for 480 gold pieces
 10202 | D:9      | Found a faded altar of an unknown god.
 10202 | D:9      | Found a glowing golden altar of the Shining One.
 10208 | D:9      | Found a faded altar of an unknown god.
 10218 | D:9      | Found an opulent altar of Gozag.
 10219 | D:9      | Found a snail-covered altar of Cheibriados.
 10270 | D:9      | Found a shadowy altar of Dithmenos.
 10277 | D:9      | Became a worshipper of Dithmenos the Shadowed
 11099 | D:9      | Killed DrEnzyme's ghost
 11099 | D:9      | Reached skill level 1 in Invocations
 11438 | D:9      | Noticed a three-headed hydra
 11449 | D:9      | Noticed a catoblepas
 11449 | D:9      | a three-headed hydra changed into a catoblepas
 11463 | D:9      | Annihilated by a catoblepas

Levels and vault maps discovered:
D:1:      psy_arrival_fountain, layout_loops_ring, nrook_mini_vaults,
          chequers_avenue
D:2:      layout_rooms
D:3:      layout_loops_corners, first_ration, kennysheep_generic_room_11
D:4:      layout_basic, minmay_liquid_box
D:5:      layout_cave_pools, serial_shops, shop, serial_gnoll_camp,
          gnoll_camp_mini_house, gnoll_camp_mini_hut, gnoll_camp_huts_moat,
          gnoll_camp_medium_01, gnoll_camp_mini_house
D:6:      layout_basic, gammafunk_temple_overflow_wave
D:7:      layout_loops_corners, serial_glass, glass_columns_b, glass_columns_a,
          glass_columns_a, uniq_menkaure, uniq_harold
D:8:      layout_cave_pools, gammafunk_ghost_ooze, uniq_psyche, uniq_pikel,
          uniq_grum
D:9:      layout_loops_ring, lemuel_round_altar,
          chequers_temple_overflow_minitemple, serial_shops,
          kennysheep_little_box, hangedman_ranch [blue_anna_fruit_fields]
Temple:   nicolae_temple_elliptical

Skill      XL: |  1  2  3  4  5  6  7  8  9 10 11 |
---------------+----------------------------------+-----
Stealth        | 1 2 3 4 5 6 |  6.6
Long Blades    | 3 4 5 6 7 8 9 |  9.4
Evocations     | 1 2 4 6 7 |  7.7
Throwing       | 1 2 3 6 7 |  7.2
Fighting       | 4 5 6 |  6.3
Dodging        | 4 5 |  5.8
Shields        | 4 5 6 |  6.1
Invocations    | 1 |  1.4

Action                   |  1- 3 |  4- 6 |  7- 9 | 10-12 || total
-------------------------+-------+-------+-------+-------++-------
Melee: Long sword        |    73 |   107 |   196 |   207 ||   583
       Constrict         |    22 |    39 |    46 |    38 ||   145
       Tentacles         |     7 |    25 |    67 |    70 ||   169
Throw: Dart              |       |    19 |       |       ||    19
       Boomerang         |       |       |   205 |    67 ||   272
       Throwing net      |       |       |       |     5 ||     5
Evoke: Wand              |       |     5 |       |     5 ||    10
       Lamp of fire      |       |       |       |     1 ||     1
  Use: Scroll            |     5 |     6 |     5 |     5 ||    21
       Potion            |     4 |     4 |     4 |     6 ||    18
 Stab: Sleeping          |     4 |     9 |     4 |     8 ||    25
       Invisible         |     2 |     1 |     1 |       ||     4
       Distracted        |       |       |       |     2 ||     2
       Held in net/web   |       |       |       |     2 ||     2
  Eat: Chunk             |     1 |     6 |     8 |     4 ||    19
       Ration            |       |     1 |     1 |     3 ||     5
Armor: Skin              |     9 |     9 |    13 |    10 ||    41
Dodge: Dodged            |    19 |    61 |   125 |   120 ||   325
Block: Shield            |    30 |    51 |   116 |    95 ||   292
       Rpst.: Long sword |     1 |    14 |    21 |    34 ||    70

Table legend:
 A = Non-vault XP
 B = Vault XP
 C = Vault XP percentage of total XP
 D = Non-vault monster count
 E = Vault monster count
 F = Vault count percentage of total count
                 A         B        C        D         E       F
            +---------+---------+-------+---------+---------+-------
      Total |    7021 |    4985 |  41.5 |     199 |      56 |  22.0
            +---------+---------+-------+---------+---------+-------
        D:1 |      55 |       0 |   0.0 |      28 |       0 |   0.0
        D:2 |     126 |       0 |   0.0 |      24 |       0 |   0.0
        D:3 |     102 |       2 |   1.9 |      24 |       1 |   4.0
        D:4 |      94 |      14 |  13.0 |      10 |       1 |   9.1
        D:5 |     996 |    1333 |  57.2 |      24 |      43 |  64.2
        D:6 |    1329 |       0 |   0.0 |      23 |       0 |   0.0
        D:7 |    1825 |    1139 |  38.4 |      33 |       2 |   5.7
        D:8 |     587 |    1495 |  71.8 |      18 |       5 |  21.7
        D:9 |    1907 |    1002 |  34.4 |      15 |       4 |  21.1
            +---------+---------+-------+---------+---------+-------
